 Dungeon Crawl Stone Soup version 0.30-a0-422-g946f4849ff (webtiles) character file.

Game seed: 13598270780775356609

45 AigisTheKnight the Digger (level 3, -9/21 HPs)
             Began as a Gargoyle Earth Elementalist on Dec 9, 2022.
             Mangled by a hobgoblin
             ... wielding a +0 long sword
              (10 damage)
             ... on level 3 of the Dungeon.
             The game lasted 00:02:30 (1351 turns).

AigisTheKnight the Digger (GrEE)                    Turns: 1351, Time: 00:02:31

Health: -9/21      AC:  5    Str: 11    XL:     3   Next: 64%
Magic:  0/6        EV: 11    Int: 17    God:
Gold:   94         SH:  0    Dex: 10    Spells: 6/7 levels left

rFire   . . .      SeeInvis .    i - +0 dagger
rCold   . . .      Faith    .    (no shield)
rNeg    + . .      Spirit   .    a - +0 robe
rPois   ∞          Reflect  .    (no helmet)
rElec   +          Harm     .    (no cloak)
rCorr   .          Rampage  .    (no gloves)
Will    .....                    (no boots)
Stlth   ++........               (no amulet)
HPRegen 0.23/turn                d - ring of flight
MPRegen 0.10/turn                (no ring)

@: flying
A: sickness immunity, AC +3, negative energy resistance 1, electricity
resistance, torment resistance 1, petrification resistance
a: no special abilities


You were on level 3 of the Dungeon.
You visited 1 branch of the dungeon, and saw 3 of its levels.

You collected 94 gold pieces.

Inventory:

Hand Weapons
 i - a +0 dagger (weapon)
Missiles
 g - 2 curare-tipped darts
Armour
 a - a +0 robe (worn)
Jewellery
 d - a ring of flight (left hand)
 h - an amulet of faith
Wands
 o - a wand of iceblast (12)
Scrolls
 c - a scroll of identify {unknown}
 f - a scroll of enchant armour {unknown}
 j - a scroll of blinking {unknown}
 l - 2 scrolls of teleportation {unknown}
 m - a scroll of poison {unknown}
 n - a scroll of enchant weapon {unknown}
Potions
 b - 2 potions of magic
 e - a potion of invisibility {unknown}
 k - a potion of curing {unknown}


   Skills:
 + Level 1.7 Fighting
 - Level 1.5 Dodging
 - Level 2.2 Stealth
 + Level 2.6 Spellcasting
 - Level 0.7 Transmutations
 + Level 4.3 Earth Magic


You had 6 spell levels left.
You knew the following spells:

 Your Spells              Type           Power      Damage    Failure   Level
a - Sandblast             Erth           32%        2d9       3%          1

Your spell library contained the following spells:

 Spells                   Type           Power      Damage    Failure   Level
 Passwall                 Tmut/Erth      8%         N/A       10%         2
 Stone Arrow              Conj/Erth      18%        3d8       22%         3
 Petrify                  Tmut/Erth      10%        N/A       54%         4


Dungeon Overview and Level Annotations

Branches:
Dungeon (3/15)

Altars:

Annotations:
D:2 Terence


Innate Abilities, Weirdness & Mutations

You are immune to sickness and miasma.
Your stone body is resilient. (AC +3)
You are immune to poison.
You resist negative energy. (rN+)
You are resistant to electric shocks. (rElec)
You are resistant to unholy torment.
You are immune to petrification.


Message History

You barely miss the hobgoblin. The hobgoblin barely misses you.
You hit the hobgoblin.
The hobgoblin is heavily wounded.
The hobgoblin hits you with a +0 long sword!
* * * LOW HITPOINT WARNING * * *
You hit the hobgoblin but do no damage.
The hobgoblin is heavily wounded.
The hobgoblin barely misses you.
You hit the hobgoblin.
The hobgoblin is severely wounded.
The hobgoblin closely misses you.
You hit the hobgoblin but do no damage.
The hobgoblin is severely wounded.
The hobgoblin barely misses you.
Your magical contamination has completely faded away.
You completely miss the hobgoblin.
The hobgoblin is severely wounded.
The hobgoblin barely misses you.
You hit the hobgoblin but do no damage.
The hobgoblin is severely wounded.
The hobgoblin closely misses you.
Casting: Sandblast (safe; 3% risk of failure)
Confirm with . or Enter, or press ? or * to list all spells.
Aiming: Sandblast (safe; 3% risk of failure)
Press: ? - help, Shift-Dir - straight line, f/p - hobgoblin
Aim: a hobgoblin, wielding a +0 long sword and wearing a +0 chain mail (severely wounded, 87% to hit)
The blast of sand hits the hobgoblin but does no damage.
The hobgoblin is severely wounded.
The hobgoblin misses you. The hobgoblin closely misses you.
You hit the hobgoblin but do no damage.
The hobgoblin is severely wounded.
The hobgoblin hits you with a +0 long sword.
* * * LOW HITPOINT WARNING * * *
You hit the hobgoblin but do no damage.
The hobgoblin is severely wounded.
The hobgoblin barely misses you.
You hit the hobgoblin but do no damage.
The hobgoblin is severely wounded.
The hobgoblin hits you with a +0 long sword!
You die...

###########
#......@g.#
#######.#######.#
..........#####.#<
#
#######.#.........
#. #.##.####...
.## #.##.# ).
#.##.# #.
#.##.####
##.#.#####<#......


You could see a hobgoblin.

Vanquished Creatures
  An adder (D:1)
  3 endoplasms
  A giant cockroach (D:1)
  4 goblins
  4 hobgoblins
  5 jackals
  A quokka (D:2)
  3 ball pythons (D:1)
  4 bats
  2 frilled lizards
  A kobold (D:2)
  4 rats
33 creatures vanquished.

Notes
Turn   | Place    | Note
-------+----------+-------------------------------------------
     0 | D:1      | AigisTheKnight the Gargoyle Earth Elementalist began the
                  | quest for the Orb.
     0 | D:1      | Reached XP level 1. HP: 10/10 MP: 3/3
   222 | D:1      | Reached XP level 2. HP: 16/16 MP: 1/5
   431 | D:1      | Reached skill level 1 in Fighting
   453 | D:1      | Reached skill level 4 in Earth Magic
  1028 | D:1      | Reached XP level 3. HP: 15/20 MP: 4/6
  1047 | D:2      | Noticed Terence
  1095 | D:2      | Found a faded altar of an unknown god.
  1349 | D:3      | HP: 1/21 [hobgoblin/+0 long sword (4)]
  1351 | D:3      | Mangled by a hobgoblin

Illustrated notes

Levels and vault maps discovered:
D:1:      dpeg_arrival_round_c, layout_loops_cross
D:2:      layout_rooms, shapermc_ecumenical_altar_venn, uniq_terence
D:3:      layout_loops_ring, mainiacjoe_overflow_chevrons, chequers_arboretum

Skill      XL: |  1  2 |
---------------+-------+-----
Fighting       | 1 |  1.7
Earth Magic    | 4 |  4.3
Dodging        | |  1.5
Stealth        | |  2.2
Spellcasting   | |  2.6
Transmutations | |  0.7

Action                   || total
-------------------------++-------
Melee: Unarmed           ||    20
       Dagger            ||    17
 Cast: Sandblast         ||    46
 Stab: Sleeping          ||     2
Armor: Robe              ||    24
Dodge: Dodged            ||    33

Table legend: (Time is in decaauts)
 A = Elapsed time spent in this place.
 B = Non-inter-level travel time spent in this place.
 C = Inter-level travel time spent in this place.
 D = Time resting spent in this place.
 E = Time spent auto-exploring this place.
 F = Levels seen in this place.
 G = Mean time per level.
                   A        B        C        D        E       F      G
               +--------+--------+--------+--------+--------+-----+--------+
         Total |   1373 |   1202 |    171 |      0 |    971 |   3 |  457.7 |
       Dungeon |   1373 |   1202 |    171 |      0 |    971 |   3 |  457.7 |
               +--------+--------+--------+--------+--------+-----+--------+

Top non-repeatable levels by time:
     D:1: 1088 daAuts
     D:2: 193 daAuts
     D:3: 90 daAuts
